 Dungeon Crawl Stone Soup version 0.30-a0-305-g026cb31310 (webtiles) character file.

Game seed: 13710105938571199559

3306 greenreed the Summoner (level 10, 0/74 HPs)
             Began as a Gnoll Summoner on Oct 22, 2022.
             Was a Follower of Sif Muna.
             Slain by a vampire mosquito (4 damage)
             ... on level 6 of the Dungeon.
             The game lasted 00:33:22 (9284 turns).

greenreed the Summoner (Gnoll Summoner)             Turns: 9284, Time: 00:33:23

Health: 0/74       AC:  7    Str:  7    XL:     10   Next: 1%
Magic:  1/20       EV: 15    Int: 18    God:    Sif Muna [*.....]
Gold:   455        SH:  0    Dex: 14    Spells: 11/23 levels left

rFire   . . .      SeeInvis .    M - +3 spear
rCold   . . .      Faith    .    (no shield)
rNeg    . . .      Spirit   .    a - +0 robe
rPois   .          Reflect  .    u - +1 helmet
rElec   .          Harm     .    v - +2 cloak
rCorr   .          Rampage  .    (no gloves)
Will    .....                    (no boots)
Stlth   +++.......               (no amulet)
HPRegen 0.32/turn                (no ring)
MPRegen 0.17/turn                (no ring)

@: no status effects
A: fangs 1, strong nose, distributed training
a: Renounce Religion, Channel Magic


You were on level 6 of the Dungeon.
You worshipped Sif Muna.
Sif Muna was aware of your devotion.
You visited 2 branches of the dungeon, and saw 8 of its levels.
You also visited: Sewer.

You collected 455 gold pieces.

Inventory:

Hand Weapons
 g - a +0 sling
 l - a +0 halberd
 q - a +0 vampiric battleaxe
 t - the +3 dagger of Nafel {chaos, Int+2 Dex+4}
   (You found it on level 3 of the Dungeon)

   Each time it hits an enemy it has a different, random effect.
   Int:       It affects your intelligence (+2).
   Dex:       It affects your dexterity (+4).
 D - a +0 trident
 K - a +2 flail of holy wrath
 M - a +3 spear (weapon)
Missiles
 k - 5 atropa-tipped darts
 o - a throwing net
 H - 5 poisoned darts
 L - 2 silver boomerangs
Armour
 a - a +0 robe (worn)
 u - a +1 helmet (worn)
 v - a +2 cloak (worn)
Scrolls
 j - a scroll of butterflies {unknown}
 n - 3 scrolls of identify {unknown}
 w - 3 scrolls of magic mapping {unknown}
 x - a scroll of blinking {unknown}
 y - 4 scrolls of teleportation {unknown}
 A - 2 scrolls of brand weapon {unknown}
 B - 2 scrolls of immolation {unknown}
 F - 2 scrolls of amnesia {unknown}
 I - 2 scrolls of vulnerability {unknown}
 J - a scroll of summoning {unknown}
Potions
 b - 3 potions of magic
 c - 2 potions of brilliance {unknown}
 d - 3 potions of degeneration {unknown}
 e - a potion of ambrosia {unknown}
 f - 4 potions of might {unknown}
 h - 4 potions of heal wounds {unknown}
 m - 5 potions of attraction {unknown}
 p - 6 potions of lignification {unknown}
 r - 3 potions of cancellation {unknown}
 s - 2 potions of invisibility {unknown}
 z - a potion of berserk rage {unknown}
 C - a potion of haste {unknown}
 E - a potion of mutation {unknown}
 G - a potion of resistance {unknown}


   Skills:
 + Level 5.0 Fighting
 + Level 5.0 Short Blades
 + Level 5.0 Long Blades
 + Level 5.0 Axes
 + Level 5.0 Maces & Flails
 + Level 5.0 Polearms
 + Level 5.0 Staves
 + Level 5.0 Ranged Weapons
 + Level 5.0 Throwing
 + Level 5.0 Armour
 + Level 6.8 Dodging
 + Level 6.6 Stealth
 + Level 5.0 Shields
 + Level 5.0 Unarmed Combat
 + Level 7.1 Spellcasting
 + Level 4.1 Conjurations
 + Level 4.1 Hexes
 + Level 8.3 Summonings
 + Level 4.1 Necromancy
 + Level 4.1 Translocations
 + Level 4.1 Transmutations
 + Level 4.1 Fire Magic
 + Level 4.1 Ice Magic
 + Level 4.1 Air Magic
 + Level 4.1 Earth Magic
 + Level 4.1 Poison Magic
 + Level 5.5 Invocations
 + Level 5.0 Evocations


You had 11 spell levels left.
You knew the following spells:

 Your Spells              Type           Power      Damage    Failure   Level
a - Summon Small Mammal   Summ           100%       N/A       1%          1
b - Call Imp              Summ           36%        N/A       1%          2
c - Call Canine Familiar  Summ           36%        N/A       1%          3
d - Scorch                Fire           42%        2d7       3%          2
e - Summon Lightning Spi  Summ/Air       28%        N/A       9%          4

Your spell library contained the following spells:

 Spells                   Type           Power      Damage    Failure   Level
 Summon Guardian Golem    Hex/Summ       28%        N/A       2%          3
 Hailstorm                Conj/Ice       21%        3d6       6%          3
 Kindle Blastsparks       Fire/Tloc/Air  42%        2d13      6%          3
 Cause Fear               Hex            10%        N/A       19%         4
 Flame Wave               Conj/Fire      21%        2d8       19%         4
 Fulminant Prism          Conj/Hex       10%        3d9       19%         4
 Ice Form                 Ice/Tmut       21%        N/A       19%         4
 Iskenderun's Mystic Bla  Conj/Tloc      21%        2d6       19%         4
 Alistair's Intoxication  Tmut/Pois      14%        N/A       47%         5
 Borgnjor's Vile Clutch   Necr/Erth      10%        N/A       47%         5
 Lee's Rapid Deconstruct  Erth           10%        3d8*      47%         5
 Summon Cactus Giant      Summ           18%        N/A       47%         6
 Eringya's Noxious Bog    Tmut/Pois      10%        N/A       96%         6
 Simulacrum               Ice/Necr       10%        N/A       96%         6
 Dragon Form              Tmut           10%        N/A       100%        7
 Dragon's Call            Summ           18%        N/A       100%        9


Dungeon Overview and Level Annotations

Branches:
Dungeon (7/15)             Temple (1/1) D:6           Sewer (visited)

Altars:
Ashenzari
Dithmenos
Fedhas
Gozag
Hepliaklqana
Kikubaaqudgha
Makhleb
Okawaru
Qazlal
Sif Muna
Trog
Uskayaw
Vehumet
Xom
Yredelemnul
The Shining One

Shops:
D:1 [   D:7 (

Annotations:
D:4 Dowan, Duvessa


Innate Abilities, Weirdness & Mutations

You have very sharp teeth.
Your uncanny sense of smell can sniff out nearby items.
Your experience applies equally to all skills.


Message History

The vampire mosquito bites you.
* * * LOW HITPOINT WARNING * * *
The vampire mosquito draws strength from your injuries!
Your white imp gestures at the vampire mosquito.
The puff of frost hits the vampire mosquito!
The vampire mosquito bites you.
* * * LOW HITPOINT WARNING * * *
The vampire mosquito draws strength from your injuries!
The vampire mosquito bites you.
* * * LOW HITPOINT WARNING * * *
The vampire mosquito draws strength from your injuries!
The vampire mosquito misses you. Something barely misses your white imp.
The vampire mosquito barely misses you.
Your white imp hits the vampire mosquito.
Your white imp freezes the vampire mosquito.
You climb upwards.
There is a stone staircase leading down here.
You feel better. The vampire mosquito barely misses you.
The vampire mosquito bites you but does no damage.
The vampire mosquito closely misses you.
Casting: Call Imp (safe; 1% risk of failure)
Confirm with . or Enter, or press ? or * to list all spells.
A beastly little devil appears in a puff of frigid air.
The vampire mosquito bites you.
* * * LOW HITPOINT WARNING * * *
The vampire mosquito draws strength from your injuries!
The vampire mosquito completely misses you.
The vampire mosquito bites you!
* * * LOW HITPOINT WARNING * * *
The vampire mosquito draws strength from your injuries!
The vampire mosquito misses you.
You feel better.
The vampire mosquito bites you but does no damage.
The vampire mosquito bites you.
* * * LOW HITPOINT WARNING * * *
The vampire mosquito draws strength from your injuries!
The vampire mosquito completely misses you.
Your white imp misses the vampire mosquito.
The vampire mosquito bites you.
You die...

#....#..# #..###
#.#.##..######..#
#.#.##..........#
#.#.##.######...##
#.#.##.#####.....## #
#........##.......## ##
#..[.....#.........####.
#........'.........'....
#.....#@y#.........####.
#....##.y##.......## ##
#..#.##.5###.....## #
#..#.##..# ##...##
#........# ##'##
####.##### #.#
#.#########.#####
#.##............#
#.#.†...#...#...#####


You could see 2 vampire mosquitoes and a friendly white imp (summoned).

Vanquished Creatures
  A phantom (D:5)
  A water moccasin zombie (D:7)
  2 wights (D:7)
  A centaur zombie (D:7)
  A jelly (D:5)
  3 orc priests
  3 hounds
  Ijyb (D:5)
  Jessica (D:2)
  An orc wizard (D:6)
  A killer bee zombie (D:7)
  A howler monkey zombie (D:7)
  3 gnolls
  4 adders
  A white imp (D:7)
  A dart slug (D:4)
  15 orcs
  4 endoplasms
  2 giant cockroaches (D:1)
  5 goblins
  8 hobgoblins
  4 jackals
  3 kobolds
  2 quokkas (D:2)
  4 ball pythons
  5 bats
  A frilled lizard (D:3)
  4 rats
83 creatures vanquished.

Vanquished Creatures (collateral kills)
  Pikel (D:4)
  An oklob plant (D:6)
  Grinder (D:4)
  Eustachio (D:5)
  A water moccasin (D:7)
  An ice beast (D:5)
  An ogre (D:5)
  2 lemures (D:4)
  A wyvern zombie (D:7)
  A bullfrog (D:6)
  3 scorpions
  A wight (D:7)
  5 jellies
  A howler monkey (D:4)
  2 centaur zombies (D:7)
  2 orc priests
  A hound (D:4)
  A gnoll bouda (D:5)
  2 orc wizards
  A hell rat (Sewer)
  3 iguanas
  Robin (D:2)
  A howler monkey zombie (D:7)
  2 adders
  8 gnolls
  2 river rats (Sewer)
  2 worms
  2 orcs
  A bat (D:2)
  13 endoplasms
  7 goblins
  5 hobgoblins
  A jackal (D:3)
  A quokka (D:1)
  5 kobolds
  4 rats
88 creatures vanquished.

Vanquished Creatures (others)
  2 orc wizards
  10 fungi (D:6)
  12 withered plants (D:7)
24 creatures vanquished.

Grand Total: 195 creatures vanquished

Notes
Turn   | Place    | Note
-------+----------+-------------------------------------------
     0 | D:1      | greenreed the Gnoll Summoner began the quest for the Orb.
     0 | D:1      | Reached XP level 1. HP: 13/13 MP: 6/6
   150 | D:1      | Reached XP level 2. HP: 16/19 MP: 4/7
   416 | D:1      | Found Asurexze's Antique Armour Emporium.
   524 | D:1      | Reached skill level 5 in Spellcasting
   524 | D:1      | Reached XP level 3. HP: 25/25 MP: 7/9
   548 | D:1      | Learned a level 2 spell: Call Imp
   552 | D:1      | Learned a level 3 spell: Call Canine Familiar
   572 | D:1      | Reached skill level 1 in Invocations
  1092 | D:2      | Reached skill level 1 in Fighting
  1092 | D:2      | Reached skill level 1 in Short Blades
  1092 | D:2      | Reached skill level 1 in Long Blades
  1092 | D:2      | Reached skill level 1 in Axes
  1092 | D:2      | Reached skill level 1 in Maces & Flails
  1092 | D:2      | Reached skill level 1 in Polearms
  1092 | D:2      | Reached skill level 1 in Staves
  1092 | D:2      | Reached skill level 1 in Ranged Weapons
  1092 | D:2      | Reached skill level 1 in Throwing
  1092 | D:2      | Reached skill level 1 in Armour
  1092 | D:2      | Reached skill level 1 in Shields
  1092 | D:2      | Reached skill level 1 in Unarmed Combat
  1092 | D:2      | Reached skill level 1 in Evocations
  1177 | D:2      | Noticed Jessica
  1189 | D:2      | Killed Jessica
  1190 | D:2      | Reached XP level 4. HP: 20/32 MP: 2/11
  1195 | D:2      | Reached skill level 1 in Conjurations
  1195 | D:2      | Reached skill level 1 in Hexes
  1195 | D:2      | Reached skill level 1 in Necromancy
  1195 | D:2      | Reached skill level 1 in Translocations
  1195 | D:2      | Reached skill level 1 in Transmutations
  1195 | D:2      | Reached skill level 1 in Fire Magic
  1195 | D:2      | Reached skill level 1 in Ice Magic
  1195 | D:2      | Reached skill level 1 in Air Magic
  1195 | D:2      | Reached skill level 1 in Earth Magic
  1195 | D:2      | Reached skill level 1 in Poison Magic
  1215 | D:2      | Reached XP level 5. HP: 13/37 MP: 3/12
  1579 | D:2      | Noticed Robin
  1604 | D:2      | Killed Robin
  2607 | D:3      | Identified the +3 dagger of Nafel {chaos, Int+2 Dex+4}
  3059 | D:4      | Noticed a lemure
  3067 | D:4      | Noticed a lemure
  3086 | D:4      | Killed a lemure
  3092 | D:4      | Killed a lemure
  3184 | D:4      | Noticed Pikel
  3184 | D:4      | Noticed a lemure
  3184 | D:4      | Noticed a lemure
  3215 | D:4      | Killed Pikel
  3216 | D:4      | Reached skill level 5 in Dodging
  3216 | D:4      | Reached skill level 5 in Stealth
  3216 | D:4      | Reached XP level 6. HP: 21/46 MP: 3/14
  3216 | D:4      | Reached XP level 7. HP: 23/51 MP: 3/15
  3380 | D:4      | Noticed Grinder
  3405 | D:4      | Killed Grinder
  3551 | D:4      | Noticed Duvessa
  3552 | D:4      | Reached XP level 8. HP: 58/58 MP: 16/16
  3554 | D:4      | Noticed Dowan
  4530 | D:5      | Entered Level 5 of the Dungeon
  4568 | D:5      | Found a glowing drain.
  4576 | Sewer    | Entered a sewer
  4975 | D:5      | Noticed a troll
  5519 | D:5      | Noticed Ijyb
  5545 | D:5      | Killed Ijyb
  5655 | D:5      | Noticed Eustachio
  5691 | D:5      | Killed Eustachio
  6158 | D:5      | Reached XP level 9. HP: 65/65 MP: 18/18
  6513 | D:4      | Learned a level 2 spell: Scorch
  6518 | D:4      | Learned a level 4 spell: Summon Lightning Spire
  7092 | D:6      | Found a staircase to the Ecumenical Temple.
  7102 | Temple   | Entered the Ecumenical Temple
  7295 | Temple   | Became a worshipper of Sif Muna the Loreminder
  7325 | D:6      | Reached skill level 8 in Summonings
  7871 | D:6      | Noticed an oklob plant
  7933 | D:6      | Reached * piety under Sif Muna
  8120 | D:6      | Killed an oklob plant
  8121 | D:6      | Reached skill level 5 in Invocations
  8534 | D:7      | Found Coithri Gesoi's Weapon Shoppe.
  9203 | D:7      | Reached skill level 5 in Fighting
  9203 | D:7      | Reached skill level 5 in Short Blades
  9203 | D:7      | Reached skill level 5 in Long Blades
  9203 | D:7      | Reached skill level 5 in Axes
  9203 | D:7      | Reached skill level 5 in Maces & Flails
  9203 | D:7      | Reached skill level 5 in Polearms
  9203 | D:7      | Reached skill level 5 in Staves
  9203 | D:7      | Reached skill level 5 in Ranged Weapons
  9203 | D:7      | Reached skill level 5 in Throwing
  9203 | D:7      | Reached skill level 5 in Armour
  9203 | D:7      | Reached skill level 5 in Shields
  9203 | D:7      | Reached skill level 5 in Unarmed Combat
  9203 | D:7      | Reached skill level 5 in Evocations
  9210 | D:7      | Reached XP level 10. HP: 59/74 MP: 15/20
  9278 | D:7      | HP: 1/74 [vampire mosquito (10)]
  9283 | D:6      | HP: 1/74 [vampire mosquito (10)]
  9284 | D:6      | Slain by a vampire mosquito

Illustrated notes

Levels and vault maps discovered:
D:1:      wheals_arrival_linesprint, layout_loops_ring, serial_shops,
          nicolae_shop_advertising_works [nicolae_subvault_shop_adworks],
          minmay_tromino_v2
D:2:      layout_loops_ring, serial_forest, infiniplex_forest_lined_corner,
          infiniplex_forest_split, infiniplex_forest_end_2,
          infiniplex_forest_lined_corner, infiniplex_forest_straight_2,
          infiniplex_forest_straight_3, infiniplex_forest_clump_diagonal,
          infiniplex_forest_end_2, minmay_statues_item, uniq_robin, uniq_jessica
D:3:      layout_basic, serial_glass, glass_columns_a, glass_columns_a
D:4:      layout_basic, minmay_cupped, uniq_pikel, uniq_duvessa, uniq_grinder
D:5:      layout_cave_pods, cheibrodos_sewer_entry_bend,
          minmay_misc_feat_enclosed, uniq_eustachio, uniq_ijyb
D:6:      lemuel_slime, layout_loops_corners, minmay_temple_entry_junction_2
D:7:      layout_loops_ring, serial_shops, shop, serial_undead, serial_undead_e,
          serial_undead_c, serial_undead_f, serial_undead_a, serial_undead_b,
          serial_undead_e, serial_undead_e, serial_undead_f, ebering_ghost_gozag
Temple:   nicolae_temple_bog_church

Skill      XL: |  1  2  3  4  5  6  7  8  9 |
---------------+----------------------------+-----
Spellcasting   | 5 6 7 |  7.1
Invocations    | 1 2 3 4 5 |  5.5
Fighting       | 1 2 3 5 |  5.0
Short Blades   | 1 2 3 5 |  5.0
Long Blades    | 1 2 3 5 |  5.0
Axes           | 1 2 3 5 |  5.0
Maces & Flails | 1 2 3 5 |  5.0
Polearms       | 1 2 3 5 |  5.0
Staves         | 1 2 3 5 |  5.0
Ranged Weapons | 1 2 3 5 |  5.0
Throwing       | 1 2 3 5 |  5.0
Armour         | 1 2 3 5 |  5.0
Shields        | 1 2 3 5 |  5.0
Unarmed Combat | 1 2 3 5 |  5.0
Evocations     | 1 2 3 5 |  5.0
Conjurations   | 1 2 3 4 |  4.1
Hexes          | 1 2 3 4 |  4.1
Necromancy     | 1 2 3 4 |  4.1
Translocations | 1 2 3 4 |  4.1
Transmutations | 1 2 3 4 |  4.1
Fire Magic     | 1 2 3 4 |  4.1
Ice Magic      | 1 2 3 4 |  4.1
Air Magic      | 1 2 3 4 |  4.1
Earth Magic    | 1 2 3 4 |  4.1
Poison Magic   | 1 2 3 4 |  4.1
Dodging        | 5 6 |  6.8
Stealth        | 5 6 |  6.6
Summonings     | 8 |  8.3

Action                   |  1- 3 |  4- 6 |  7- 9 | 10-12 || total
-------------------------+-------+-------+-------+-------++-------
Melee: Spear             |    44 |   132 |   416 |     6 ||   598
       Bite              |     4 |    12 |    43 |       ||    59
       Unarmed           |     2 |       |       |       ||     2
       Punch             |       |     2 |    12 |       ||    14
 Fire: Sling             |    61 |    29 |    31 |       ||   121
 Cast: Summon Small Mamm |     9 |       |       |       ||     9
       Call Canine Famil |     3 |    12 |    63 |     5 ||    83
       Call Imp          |     1 |     6 |    33 |     6 ||    46
       Scorch            |       |       |    15 |       ||    15
  Use: Potion            |       |       |       |     4 ||     4
 Stab: Sleeping          |     1 |     2 |     7 |       ||    10
       Distracted        |       |       |     4 |       ||     4
Armor: Robe              |    13 |    38 |   124 |    12 ||   187
Dodge: Dodged            |    68 |   114 |   319 |    36 ||   537

Table legend: (Time is in decaauts)
 A = Elapsed time spent in this place.
 B = Non-inter-level travel time spent in this place.
 C = Inter-level travel time spent in this place.
 D = Time resting spent in this place.
 E = Time spent auto-exploring this place.
 F = Levels seen in this place.
 G = Mean time per level.
                   A        B        C        D        E       F      G
               +--------+--------+--------+--------+--------+-----+--------+
         Total |   9306 |   8841 |    465 |    342 |   6543 |   9 | 1034.0 |
       Dungeon |   8886 |   8453 |    433 |    342 |   6251 |   7 | 1269.4 |
        Temple |    217 |    185 |     32 |      0 |    172 |   1 |  217.0 |
         Sewer |    201 |    201 |      0 |      0 |    119 |   1 |  201.0 |
               +--------+--------+--------+--------+--------+-----+--------+

Top non-repeatable levels by time:
     D:5: 1838 daAuts
     D:4: 1576 daAuts
     D:6: 1540 daAuts
     D:2: 1156 daAuts
     D:1: 1093 daAuts
     D:3: 942 daAuts
     D:7: 738 daAuts
  Temple: 217 daAuts
   Sewer: 201 daAuts
